[Event "Team 45 45 League T42"]
[Site "Internet Chess Club"]
[Date "2009.08.10"]
[Round "2"]
[White "BishopMike"]
[Black "alaskauk"]
[Result "1/2-1/2"]
[WhiteElo "1443"]
[BlackElo "1505"]
[Opening "Danish gambit: Schlechter defense"]
[ECO "C21"]
[Time "11:01:24"]
[TimeControl "2700+45"]

1. e4 e5 2. d4 exd4 3. c3 dxc3 4. Bc4 cxb2 5. Bxb2 d5 6. Bxd5 Bb4+ 7. Nd2 Bxd2+
8. Qxd2 Nf6 9. Bxf6 Qxf6 10. Rd1 O-O 11. Nf3 c6 12. Bb3 Qg6 13. O-O Be6 14. Bxe6
Qxe6 15. Qb4 b6 16. Rd6 Qe7 17. Rfd1 Na6 18. Qd2 Nc5 19. e5 Ne4 20. Rd7 Nxd2 21.
Rxe7 Nxf3+ 22. gxf3 Rfe8 23. Rc7 Rec8 24. Rb7 Rcb8 25. Rc7 Rc8 {Game drawn by
mutual agreement} 1/2-1/2

[Event "Team 45 45 League T42"]
[Site "Internet Chess Club"]
[Date "2009.08.07"]
[Round "2"]
[White "dpmdpm"]
[Black "BishopJacob"]
[Result "1-0"]
[WhiteElo "1297"]
[BlackElo "997"]
[Opening "Three knights game"]
[ECO "C46"]
[Time "10:17:51"]
[TimeControl "2700+45"]

1. e4 e5 2. Nf3 Nc6 3. Nc3 Bc5 4. Bc4 Qe7 5. O-O Nf6 6. d3 O-O 7. Re1 a6 8. a3
b5 9. Ba2 Ng4 10. Re2 Nd4 11. Nxd4 Bxd4 12. h3 d6 13. Nd5 Qh4 14. Qf1 Bxf2+ 15.
Rxf2 Nxf2 16. Qxf2 Qh5 17. Nxc7 Ra7 18. Nd5 Qd1+ 19. Kh2 Rd7 20. Nb6 Rc7 21. Bb3
Be6 22. Nd5 Bxd5 23. Bxd5 Rxc2 24. Bb3 Rxf2 25. Bxd1 Rf1 26. Bd2 Rd8 27. Rc1 h6
28. Bb3 Rxc1 29. Bxc1 a5 30. Bd2 Rc8 31. Bxa5 Rc2 32. Bxc2 {Black resigns} 1-0

[Event "Team 45 45 League T42"]
[Site "Internet Chess Club"]
[Date "2009.08.08"]
[Round "2"]
[White "IsaWesSac"]
[Black "farbror"]
[Result "0-1"]
[WhiteElo "971"]
[BlackElo "1247"]
[Opening "Scotch: Schmidt variation"]
[ECO "C45"]
[Time "15:02:06"]
[TimeControl "2700+45"]

1. e4 e5 2. Nf3 Nc6 3. d4 exd4 4. Nxd4 Nf6 5. Nc3 Bb4 6. Nxc6 bxc6 7. Bd2 O-O 8.
Bc4 Re8 9. O-O Bxc3 10. Bxc3 d5 11. Bxf6 Qxf6 12. exd5 cxd5 13. Bxd5 Rd8 14.
Bxf7+ Kxf7 15. Qh5+ Qg6 16. Qf3+ Kg8 17. Qxa8 Rf8 18. Qxa7 Bh3 19. Qb7 c6 20.
Qb3+ Be6 21. Qc3 Bd5 22. g3 Rf3 23. Qe5 Qe4 24. Qb8+ Rf8 25. f3 Qe3+ 26. Kg2
Bxf3+ 27. Rxf3 Qxf3+ 28. Kh3 Rxb8 29. a4 Qf5+ 30. Kg2 Qxc2+ 31. Kh3 Rxb2 32. a5
Qxh2+ 33. Kg4 Ra2 34. Rb1 Qe2+ 35. Kh4 Qe4+ 36. g4 Qxb1 37. g5 Rxa5 38. g6 Qb4+
39. Kg3 Ra3+ 40. Kf2 Qb2+ 41. Ke1 Ra1# {White checkmated} 0-1

[Event "Team 45 45 League T42"]
[Site "Internet Chess Club"]
[Date "2009.08.09"]
[Round "2"]
[White "quaksterjohny"]
[Black "rubo"]
[Result "0-1"]
[WhiteElo "1465"]
[BlackElo "1690"]
[Opening "Caro-Kann: classical variation"]
[ECO "B18"]
[Time "14:08:26"]
[TimeControl "2700+45"]

1. e4 c6 2. d4 d5 3. Nc3 dxe4 4. Nxe4 Bf5 5. Ng3 Bg6 6. Nf3 Nd7 7. Bd3 Bxd3 8.
Qxd3 Qc7 9. O-O e6 10. Re1 Ngf6 11. c3 g6 12. Qe2 Bg7 13. Ne4 O-O 14. Nxf6+ Nxf6
15. Bg5 h6 16. Bh4 Rad8 17. Ne5 c5 18. Ng4 Nxg4 19. Bxd8 Qxh2+ 20. Kf1 Qh1#
{White checkmated} 0-1

[Event "Team 45 45 League T42"]
[Site "Internet Chess Club"]
[Date "2009.08.08"]
[Round "2"]
[White "rayngrant"]
[Black "Walker42"]
[Result "1/2-1/2"]
[WhiteElo "1587"]
[BlackElo "1638"]
[Opening "Sicilian: Labourdonnais-Löwenthal variation"]
[ECO "B32"]
[Time "08:00:20"]
[TimeControl "2700+45"]

1. e4 c5 2. Nf3 Nc6 3. d4 cxd4 4. Nxd4 e5 5. Nb5 a6 6. Nd6+ Bxd6 7. Qxd6 Qf6 8.
Qd1 Qg6 9. Nc3 Nge7 10. Be3 d5 11. Nxd5 Nxd5 12. Qxd5 O-O 13. O-O-O Be6 14. Qc5
Qxe4 15. f3 Qa4 16. a3 Rac8 17. Bd3 Nd4 18. Qb4 Rxc2+ 19. Kb1 Qxb4 20. axb4 Rxg2
21. Bxd4 exd4 22. Be4 Rd8 23. Bxb7 Rb8 24. Rxd4 Bf5+ 25. Ka2 g6 26. Bxa6 Ra8 27.
b5 Rf2 28. f4 Kg7 29. Ka3 Ra7 30. b3 Bc8 31. Ra4 Bb7 32. Bxb7 Rxb7 33. Rb4 Ra7+
34. Ra4 Rb7 {Game drawn by mutual agreement} 1/2-1/2

[Event "Team 45 45 League T42"]
[Site "Internet Chess Club"]
[Date "2009.08.07"]
[Round "2"]
[White "Zappy"]
[Black "BenjaminSisko"]
[Result "0-1"]
[WhiteElo "1554"]
[BlackElo "1519"]
[Opening "Sicilian defense"]
[ECO "B32"]
[Time "09:04:51"]
[TimeControl "2700+45"]

1. e4 c5 2. Nf3 Nc6 3. d4 cxd4 4. c3 d5 5. exd5 Qxd5 6. Nxd4 g6 7. Nxc6 Qxc6 8.
Bf4 Bg7 9. Nd2 Nf6 10. Nb3 O-O 11. Nd4 Qe4+ 12. Be3 Ng4 13. Qd3 Qxd3 14. Bxd3
Nxe3 15. fxe3 a6 16. O-O e5 17. Nb3 b6 18. Rad1 Bb7 19. Be2 Rad8 20. Rxd8 Rxd8
21. Bf3 e4 22. Be2 Bh6 23. Rf6 Bxe3+ 24. Kf1 Kg7 {White resigns} 0-1

[Event "Team 45 45 League T42"]
[Site "Internet Chess Club"]
[Date "2009.08.10"]
[Round "2"]
[White "smsxman"]
[Black "imawesome"]
[Result "1-0"]
[WhiteElo "1508"]
[BlackElo "1447"]
[Opening "Sicilian: Smith-Morra gambit"]
[ECO "B21"]
[Time "10:40:02"]
[TimeControl "2700+45"]

1. e4 c5 2. d4 cxd4 3. c3 g6 4. cxd4 d5 5. exd5 Nf6 6. Nc3 Nxd5 7. Bb5+ Bd7 8.
Nxd5 Bxb5 9. Qb3 Bc6 10. Ne3 Qxd4 11. Nf3 Qd6 12. Nc4 Qe6+ 13. Be3 Nd7 14. O-O
Nf6 15. Rfe1 Qd7 16. Nce5 Qd5 17. Nxc6 Qxc6 18. Ne5 Qc7 19. Qxf7+ Kd8 20. Rad1+
Kc8 21. Rc1 {Black resigns} 1-0

[Event "Team 45 45 League T42"]
[Site "Internet Chess Club"]
[Date "2009.08.08"]
[Round "2"]
[White "fishhead"]
[Black "TheronUAL"]
[Result "1-0"]
[WhiteElo "1864"]
[BlackElo "1451"]
[Opening "Caro-Kann: two knights, 3...Bg4"]
[ECO "B10"]
[Time "18:01:35"]
[TimeControl "2700+45"]

1. e4 c6 2. Nf3 d5 3. Nc3 Bg4 4. h3 Bh5 5. d3 e6 6. g4 Bg6 7. Bf4 d4 8. Ne2 Bb4+
9. Nd2 c5 10. Bg2 Nc6 11. e5 Nge7 12. O-O Qc7 13. Nc4 O-O 14. a3 Ba5 15. Bg3 b5
16. Nxa5 Qxa5 17. Nf4 Rac8 18. Qe2 Qc7 19. Rae1 a5 20. h4 h6 21. h5 Bh7 22. Nh3
a4 23. f4 b4 24. Nf2 Na5 25. Ne4 Nd5 26. Nd6 Rb8 27. Bxd5 exd5 28. Qf3 Qc6 29.
f5 bxa3 30. bxa3 Rb2 31. Rf2 Ra2 32. f6 g6 33. e6 g5 34. e7 Rb8 35. e8=Q+ Rxe8
36. Rxe8+ Qxe8 37. Nxe8 Rxa3 38. Qxd5 Rc3 39. Nd6 a3 40. Qa8# {Black checkmated}
1-0

[Event "Team 45 45 League T42"]
[Site "Internet Chess Club"]
[Date "2009.08.15"]
[Round "2"]
[White "achessfool"]
[Black "isolani"]
[Result "1-0"]
[WhiteElo "1500"]
[BlackElo "1485"]
[Opening "Pirc: Ufimtsev-Pytel variation"]
[ECO "B07"]
[Time "19:07:17"]
[TimeControl "2700+45"]

1. e4 d6 2. d4 Nf6 3. Nc3 c6 4. f4 Bg4 5. Be2 Bxe2 6. Qxe2 e6 7. Nf3 d5 8. e5
Nfd7 9. Bd2 Be7 10. O-O O-O 11. Kh1 c5 12. Rac1 Nc6 13. Be3 cxd4 14. Bxd4 a6 15.
a3 Nxd4 16. Nxd4 Qb6 17. Nb3 Rac8 18. Rcd1 f6 19. f5 fxe5 20. fxe6 Rxf1+ 21.
Qxf1 Nf6 22. Nxd5 Qxe6 23. Nxe7+ Qxe7 24. c3 Qe6 25. Nd2 Rd8 26. Nf3 Rf8 27. Re1
Nd7 28. Qe2 Re8 29. Qe4 h6 30. Nd4 Nc5 31. Qc2 e4 32. Nxe6 {Black resigns} 1-0

[Event "Team 45 45 League T42"]
[Site "Internet Chess Club"]
[Date "2009.08.09"]
[Round "2"]
[White "SpeedBlade"]
[Black "Pillsbury57"]
[Result "0-1"]
[WhiteElo "1412"]
[BlackElo "1535"]
[Opening "English: symmetrical variation"]
[ECO "A30"]
[Time "10:00:08"]
[TimeControl "2700+45"]

1. c4 c5 2. g3 Nc6 3. Bg2 g6 4. e3 e5 5. Nc3 Nge7 6. Nge2 Bg7 7. b3 d6 8. Bb2
Bd7 9. O-O O-O 10. d3 Qb6 11. Qd2 Rfd8 12. Rad1 Bf5 13. Qc1 Nb4 14. e4 Be6 15.
a3 Nbc6 16. Qc2 Nd4 17. Nxd4 cxd4 18. Na4 Qc7 19. Bc1 b5 20. Nb2 Rac8 21. Bd2
bxc4 22. bxc4 f5 23. Rc1 fxe4 24. dxe4 Qc6 25. Qd3 Rb8 26. Rc2 Rb7 27. Bg5 Rdb8
28. Bxe7 Rxb2 29. Rxb2 Rxb2 30. Rc1 Bh6 31. Qf3 Qd7 32. Bxd6 Qxd6 33. c5 Qc6 34.
Qf6 Bxc1 35. Qd8+ Kg7 36. Qe7+ Bf7 37. Qxe5+ Qf6 {White resigns} 0-1

[Event "Team 45 45 League T42"]
[Site "Internet Chess Club"]
[Date "2009.08.08"]
[Round "2"]
[White "BishopMike"]
[Black "joshtournman"]
[Result "1-0"]
[WhiteElo "1440"]
[BlackElo "1462"]
[Opening "Danish gambit: Collijn defense"]
[ECO "C21"]
[Time "12:02:30"]
[TimeControl "2700+45"]

1. e4 e5 2. d4 exd4 3. c3 dxc3 4. Bc4 cxb2 5. Bxb2 Qe7 6. Nd2 Nf6 7. e5 d5 8.
Bb3 Nfd7 9. Ngf3 Nc6 10. O-O Qd8 11. Bxd5 Ndxe5 12. Qb3 Nxf3+ 13. Nxf3 Qd7 14.
Ng5 Nd8 15. Rfe1+ Be7 16. Bxf7+ Kf8 17. Qf3 Bf6 18. Rad1 Qxd1 19. Qxd1 Nxf7 20.
Bxf6 gxf6 21. Nxf7 Kxf7 22. Qb3+ Kg7 23. Re7+ Kh6 24. Qe3+ Kg6 25. Qg3+ Kh5 26.
Rg7 Be6 27. Qf3+ Kh4 28. Qxf6+ {Black resigns} 1-0

[Event "Team 45 45 League T42"]
[Site "Internet Chess Club"]
[Date "2009.08.07"]
[Round "2"]
[White "Ptzz"]
[Black "Campagnolo"]
[Result "1/2-1/2"]
[WhiteElo "2073"]
[BlackElo "2053"]
[Opening "Benkö gambit accepted"]
[ECO "A58"]
[Time "05:05:05"]
[TimeControl "2700+45"]

1. d4 Nf6 2. c4 c5 3. d5 b5 4. cxb5 a6 5. bxa6 g6 6. Nc3 Bg7 7. e4 d6 8. h3 O-O
9. Nf3 Qa5 10. Bd3 Bxa6 11. O-O Bxd3 12. Qxd3 Na6 13. Bg5 Rfb8 14. Qd2 Nc7 15.
Rfe1 Qb6 16. Re2 Nb5 17. Nxb5 Qxb5 18. a3 Rb7 19. Rc1 Rab8 20. Rc2 Qb3 21. Re3
Qa4 22. Qe2 Rb3 23. Rxb3 Rxb3 24. Bxf6 Bxf6 25. e5 dxe5 26. Nxe5 Qd4 27. Nd7
Qxd5 28. Nxc5 Rxb2 29. Rxb2 Bxb2 30. Qxb2 Qxc5 31. Qb4 Qxb4 32. axb4 Kf8 33. f4
Ke8 34. Kf2 Kd7 35. Ke3 Kc6 36. Ke4 Kb5 37. Kd5 Kxb4 38. Kc6 Kc4 39. Kd7 e5 40.
fxe5 Kd5 41. Ke7 Kxe5 42. Kxf7 Kf5 43. Kg7 {Game drawn by mutual agreement}
1/2-1/2

[Event "Team 45 45 League T42"]
[Site "Internet Chess Club"]
[Date "2009.08.09"]
[Round "2"]
[White "nosalt"]
[Black "Zumbi"]
[Result "1-0"]
[WhiteElo "2011"]
[BlackElo "2029"]
[Opening "Sicilian: dragon, Yugoslav attack, Rauser variation"]
[ECO "B76"]
[Time "08:29:35"]
[TimeControl "2700+45"]

1. e4 c5 2. Nf3 d6 3. d4 cxd4 4. Nxd4 Nf6 5. Nc3 g6 6. Be3 Bg7 7. f3 Nc6 8. Qd2
O-O 9. O-O-O d5 10. exd5 Nxd5 11. Nxc6 bxc6 12. Nxd5 cxd5 13. Qxd5 Qc7 14. Qxa8
Bf5 15. Qxf8+ Kxf8 16. Rd2 h5 17. Be2 Qb8 18. b3 Bc3 19. Rd5 Be6 20. Rb5 Qd6 21.
Kb1 Bf6 22. g3 Qc7 23. Rc5 Qb7 24. Rd1 Qb4 25. c3 Qa3 26. Rd2 a5 27. Rc6 Bxb3
28. axb3 Qxb3+ 29. Rb2 Qd5 30. Rc5 Qe6 31. Bd4 Bxd4 32. cxd4 a4 33. Bc4 Qe1+ 34.
Ka2 Qe3 35. Rc8+ Kg7 36. Re2 Qxd4 37. f4 e6 38. Rc7 Kf6 39. Rb2 g5 40. Rbb7 gxf4
41. Rxf7+ Kg6 42. Rxf4 Qd2+ 43. Ka3 Qd6+ 44. Kxa4 Qc6+ 45. Rb5 e5 46. Bd3+ Kh6
47. Rc4 Qd7 48. Be4 Qd1+ 49. Kb4 Qd2+ 50. Kc5 Qxh2 51. Rb6+ Kg7 52. Rg6+ Kf7 53.
Kd5 Qa2 54. Rc6 Qb3 55. Bg6+ Kg7 56. Bxh5 Qd3+ 57. Ke6 Kh6 58. g4 Kg5 59. Kxe5
Qe3+ 60. Kd5 Qd3+ 61. Rd4 Qb5+ 62. Rc5 Qb3+ 63. Ke4+ Kh4 64. Rdc4 Qb7+ 65. Kf4
Qb8+ 66. Rc7 Qf8+ 67. Bf7 Qd6+ 68. Kf5 Qd3+ 69. Kf6 Qd6+ 70. Kg7 Qe5+ 71. Kh7
Kg3 72. Rc3+ Kh4 73. g5 Qh2 74. g6 Kg5+ 75. Kg8 Qh6 76. g7 Qd6 77. R3c6 Qd8+ 78.
Kh7 Qd3+ 79. Rg6+ Kh5 80. Rc5+ {Black resigns} 1-0

[Event "Team 45 45 League T42"]
[Site "Internet Chess Club"]
[Date "2009.08.06"]
[Round "2"]
[White "alexdb"]
[Black "Speedy-Reedy"]
[Result "0-1"]
[WhiteElo "1949"]
[BlackElo "1902"]
[Opening "King's pawn opening"]
[ECO "B07"]
[Time "13:07:11"]
[TimeControl "2700+45"]

1. e4 d6 2. Nc3 g6 3. f4 Bg7 4. Nf3 Nf6 5. g3 O-O 6. Bg2 Nbd7 7. O-O c6 8. d4
Qc7 9. e5 Nd5 10. Nxd5 cxd5 11. e6 fxe6 12. Ng5 Nf6 13. Bh3 e5 14. Be6+ Kh8 15.
fxe5 dxe5 16. Bxc8 Rfxc8 17. dxe5 Qc5+ 18. Kh1 Ne4 19. Nf7+ Kg8 20. Qf3 Rf8 21.
Be3 Qc6 22. Qf4 d4 {White resigns} 0-1

[Event "Team 45 45 League T42"]
[Site "Internet Chess Club"]
[Date "2009.08.09"]
[Round "2"]
[White "ivanson"]
[Black "PaulKaspar"]
[Result "1/2-1/2"]
[WhiteElo "1863"]
[BlackElo "1858"]
[Opening "Caro-Kann: classical, Spassky variation"]
[ECO "B19"]
[Time "19:00:06"]
[TimeControl "2700+45"]

1. e4 c6 2. d4 d5 3. Nc3 dxe4 4. Nxe4 Bf5 5. Ng3 Bg6 6. h4 h6 7. Nf3 Nd7 8. h5
Bh7 9. Bd3 Bxd3 10. Qxd3 e6 11. Bf4 Qa5+ 12. Bd2 Qc7 13. O-O-O O-O-O 14. Ne4
Ngf6 15. g3 Nxe4 16. Qxe4 Nf6 17. Qe2 Bd6 18. c4 c5 19. Bc3 Rhe8 20. Ne5 cxd4
21. Bxd4 Rf8 22. Kb1 Kb8 23. Qe3 Qa5 24. c5 Bc7 25. Rd3 Nd5 26. Qf3 f6 27. Nc4
Qa4 28. Nd6 Bxd6 29. cxd6 Rc8 30. Qe2 Rfe8 31. Ra3 Qxd4 32. d7 Nc3+ 33. Rxc3
Qxd7 34. Re1 Rxc3 35. bxc3 e5 36. Rd1 Qc6 37. Rd3 a6 38. Qd2 Rc8 39. Rd7 Rc7 40.
Rd8+ Ka7 41. Qe3+ Qb6+ 42. Qxb6+ Kxb6 43. Kc2 Kc5 {Game drawn by mutual
agreement} 1/2-1/2

[Event "Team 45 45 League T42"]
[Site "Internet Chess Club"]
[Date "2009.08.07"]
[Round "2"]
[White "eurander"]
[Black "DavidBarnsley"]
[Result "1-0"]
[WhiteElo "2231"]
[BlackElo "2078"]
[Opening "French defense, Steiner variation"]
[ECO "C00"]
[Time "15:14:13"]
[TimeControl "2700+45"]

1. e4 e6 2. c4 d5 3. exd5 exd5 4. d4 Bb4+ 5. Nc3 Ne7 6. Nf3 Bg4 7. h3 Bxf3 8.
Qxf3 Nbc6 9. Be3 O-O 10. c5 b6 11. cxb6 axb6 12. Bd3 Ra3 13. O-O Bxc3 14. bxa3
Bxa1 15. Rxa1 Qa8 16. Bb5 Qxa3 17. Bxc6 Nxc6 18. Qxd5 Qb2 19. Rc1 Nb4 20. Qb5 c5
21. dxc5 bxc5 22. Rxc5 Qa3 23. Rc7 Nxa2 24. Ra7 Qb4 25. Qxb4 Nxb4 26. Bc5 Nc6
27. Rc7 Ne5 28. Bxf8 Kxf8 29. g3 g5 30. Kg2 Kg7 31. Rc5 f6 32. Rc7+ Kg6 33. Ra7
h5 34. Ra5 g4 35. Ra8 Nd3 36. Ra2 Ne1+ 37. Kf1 gxh3 38. Kg1 Nf3+ 39. Kh1 Kg5 40.
Ra4 Ne1 41. Kh2 Nd3 42. Ra2 Kg4 43. Rd2 Ne5 44. Rd4+ Kf3 45. Rf4+ Ke2 46. Kxh3
Nd3 47. Rxf6 Nxf2+ 48. Kh4 Ne4 49. Re6 Kf3 50. Rxe4 Kxe4 51. Kxh5 Kf5 52. g4+
Kf6 53. Kh6 Kf7 54. g5 {Black resigns} 1-0

[Event "Team 45 45 League T42"]
[Site "Internet Chess Club"]
[Date "2009.08.11"]
[Round "2"]
[White "topadyarpov"]
[Black "pestka"]
[Result "0-1"]
[WhiteElo "1809"]
[BlackElo "2208"]
[Opening "Sicilian: Labourdonnais-Löwenthal (Kalashnikov) variation"]
[ECO "B32"]
[Time "15:35:54"]
[TimeControl "2700+45"]

1. e4 c5 2. Nf3 Nc6 3. d4 cxd4 4. Nxd4 e5 5. Nb5 d6 6. N1c3 a6 7. Na3 Be6 8. Nd5
Nf6 9. Bg5 Qa5+ 10. Bd2 Qd8 11. Bg5 Bxd5 12. exd5 Qa5+ 13. Qd2 Qxd2+ 14. Bxd2
Nxd5 15. O-O-O Nf6 16. Bg5 Ne4 17. Be3 Be7 18. g3 O-O 19. Bg2 Nf6 20. Nc4 Ne8
21. f4 Rb8 22. Bxc6 bxc6 23. fxe5 d5 24. Nd2 Nc7 25. Nf3 Ne6 26. Nd4 Nxd4 27.
Bxd4 Rfe8 28. Rde1 Bb4 29. c3 Bf8 30. Rhf1 Re6 31. b3 g6 32. Rf6 Rbe8 33. Ref1
Rxf6 34. Rxf6 c5 35. Bf2 Rxe5 36. Rxa6 Re2 37. Rf6 Rxa2 38. h4 h5 39. Be3 Re2
40. Bf4 Re6 41. Rxe6 fxe6 42. Kc2 Kf7 43. Kd3 Kf6 44. Ke3 Kf5 45. Kf3 e5 46. Bd2
e4+ 47. Kg2 d4 48. cxd4 cxd4 49. Bf4 Bb4 50. Kf2 Be7 51. Ke2 Bxh4 52. Bd6 Bg5
53. Bb4 d3+ 54. Kd1 e3 55. Bc3 Ke4 56. b4 h4 57. gxh4 e2+ 58. Ke1 Bxh4+ 59. Kd2
e1=Q# {White checkmated} 0-1

[Event "Team 45 45 League T42"]
[Site "Internet Chess Club"]
[Date "2009.08.06"]
[Round "2"]
[White "PrincessChess"]
[Black "Nosferatu1"]
[Result "0-1"]
[WhiteElo "1729"]
[BlackElo "1901"]
[Opening "Sicilian: closed"]
[ECO "B23"]
[Time "20:15:19"]
[TimeControl "2700+45"]

1. e4 c5 2. Nc3 e6 3. g3 d6 4. Bg2 Nf6 5. d3 Be7 6. Nf3 O-O 7. O-O Nc6 8. d4
cxd4 9. Nxd4 a6 10. Re1 Qc7 11. Kh1 Bd7 12. Be3 b5 13. Nxc6 Bxc6 14. Qd3 Qb7 15.
Bg5 Rfd8 16. h3 h6 17. Bf4 Nh5 18. Bc1 Rac8 19. Kh2 Qc7 20. Qe2 Nf6 21. Bf4 b4
22. Nd1 Bb5 23. Qf3 Qxc2 24. Rc1 Qd3 25. Rxc8 Rxc8 26. e5 Qxf3 27. Bxf3 dxe5 28.
Bxe5 Rc2 29. Kg2 Bc6 30. Ne3 Bxf3+ 31. Kxf3 Rd2 32. Rd1 Rxd1 33. Nxd1 Nd5 34.
Ne3 f6 35. Nxd5 exd5 36. Bd4 Kf7 37. b3 Ke6 38. Ke3 g6 39. g4 f5 40. f3 Bf6 41.
Bc5 Bc3 42. Bf8 fxg4 43. fxg4 h5 44. Bh6 Bb2 45. Bf8 Bc3 46. Bh6 hxg4 47. hxg4
Bb2 48. Bf8 Bc3 49. Bh6 Kf6 50. Kd3 Ke5 51. Bg5 d4 52. Bh6 Kd5 53. Bf4 Be1 54.
Bh6 Ke5 55. Bg5 Bg3 56. Bh6 Bh2 57. Bd2 Bg1 58. Bh6 Be3 59. Bxe3 dxe3 60. Kxe3
g5 61. Kd3 Kf4 62. Kc4 Kxg4 63. Kxb4 Kf3 64. Ka5 g4 65. Kxa6 g3 66. b4 g2 67. a4
g1=Q 68. b5 Qg8 69. b6 Qa8+ 70. Kb5 Ke4 71. a5 Kd5 72. a6 Qc6+ 73. Ka5 Qc5+ 74.
Ka4 Qxb6 {White resigns} 0-1

[Event "Team 45 45 League T42"]
[Site "Internet Chess Club"]
[Date "2009.08.09"]
[Round "2"]
[White "BRAINWAVE"]
[Black "vollmerj"]
[Result "1-0"]
[WhiteElo "1764"]
[BlackElo "1702"]
[Opening "Canard opening"]
[ECO "A45"]
[Time "07:29:23"]
[TimeControl "2700+45"]

1. d4 Nf6 2. f4 d6 3. e3 Nbd7 4. Bd3 g6 5. Nf3 Bg7 6. O-O O-O 7. b3 b6 8. Nbd2
Bb7 9. c3 c5 10. Ba3 Nd5 11. Qe1 Nxc3 12. Bb2 Nd5 13. f5 Nb4 14. Bb1 cxd4 15.
Bxd4 Bxd4 16. Nxd4 Nc6 17. Bd3 Nc5 18. Bb5 Nxd4 19. exd4 Nd7 20. Qh4 e5 21. f6
Kh8 22. Rae1 exd4 23. Re7 Bc8 24. Bxd7 Bxd7 25. Qh6 Qxe7 {Black resigns} 1-0

[Event "Team 45 45 League T42"]
[Site "Internet Chess Club"]
[Date "2009.08.08"]
[Round "2"]
[White "Fuzzie"]
[Black "AVEMARIA"]
[Result "0-1"]
[WhiteElo "1812"]
[BlackElo "1710"]
[Opening "Sicilian: closed, Korchnoi variation"]
[ECO "B23"]
[Time "09:00:48"]
[TimeControl "2700+45"]

1. e4 c5 2. Nc3 e6 3. g3 d5 4. exd5 exd5 5. d4 Nf6 6. Bg5 cxd4 7. Qxd4 Nc6 8.
Bb5 Be7 9. Nge2 O-O 10. Qd2 Be6 11. O-O Qa5 12. Bd3 Rad8 13. Qe1 a6 14. a3 Qc7
15. Bf4 Qc8 16. Rd1 Bh3 17. Nb1 Bxf1 18. Qxf1 Rfe8 19. Nd2 Nh5 20. Nf3 Nxf4 21.
Nxf4 g6 22. Ne2 Bf6 23. b3 Qg4 24. Qg2 Ne5 25. Nxe5 Rxe5 26. f4 Re7 27. f5 Rde8
28. h3 Qh5 29. g4 Qg5 30. fxg6 hxg6 31. Kf1 d4 32. Ng3 Qf4+ 33. Qf2 Qxf2+ 34.
Kxf2 Bh4 35. Kg2 Bxg3 36. Kxg3 g5 37. Rf1 Kg7 38. Rf5 Re5 39. Rf2 f6 40. a4 b5
41. axb5 axb5 42. Rf1 Ra8 43. Rf2 Ra3 44. Kg2 b4 45. Rf3 Ra1 46. Rf1 Rxf1 47.
Kxf1 Re3 48. Kg2 Kf7 49. Bf5 Ke7 50. Bd3 Kd6 51. Bf1 Ke5 52. Bb5 Ke4 53. Bc6+
Kf4 54. Bb5 Rc3 55. Bd3 Ke3 56. Kf1 Rxd3 57. cxd3 Kxd3 58. Ke1 Kc2 {White
resigns} 0-1

[Event "Team 45 45 League T42"]
[Site "Internet Chess Club"]
[Date "2009.08.09"]
[Round "2"]
[White "TwentyMiles"]
[Black "Grenadier"]
[Result "1/2-1/2"]
[WhiteElo "1756"]
[BlackElo "1675"]
[Opening "Pirc: Austrian attack, 6.Bd3"]
[ECO "B09"]
[Time "19:54:34"]
[TimeControl "2700+45"]

1. e4 d6 2. d4 Nf6 3. Nc3 g6 4. f4 Bg7 5. Nf3 O-O 6. Bd3 Nc6 7. e5 dxe5 8. fxe5
Nd5 9. Nxd5 Qxd5 10. c3 Bg4 11. h3 Bxf3 12. Qxf3 Qd7 13. Bd2 Rad8 14. Be2 Nxe5
15. Qxb7 Rb8 16. Qxa7 Rxb2 17. Qa3 Rfb8 18. Bc1 Qe6 19. Bxb2 Nd3+ 20. Kf1 Qf5+
21. Bf3 Rxb2 22. Qxe7 Rf2+ 23. Kg1 Rxf3 24. gxf3 Qxf3 25. Rh2 Bh6 26. Re2 Qg3+
27. Kf1 Qxh3+ 28. Kg1 Qg3+ 29. Kf1 Qf3+ {Game drawn by mutual agreement} 1/2-1/2

[Event "Team 45 45 League T42"]
[Site "Internet Chess Club"]
[Date "2009.08.10"]
[Round "2"]
[White "GoIrish"]
[Black "GadsHill"]
[Result "0-1"]
[WhiteElo "1630"]
[BlackElo "1524"]
[Opening "Réti: King's Indian attack, Yugoslav variation"]
[ECO "A07"]
[Time "21:01:39"]
[TimeControl "2700+45"]

1. Nf3 d5 2. g3 Nf6 3. Bg2 c6 4. O-O Bg4 5. d3 Nbd7 6. h3 Bxf3 7. Bxf3 e6 8. Nd2
Bd6 9. e4 Qc7 10. Bg2 O-O-O 11. c4 dxe4 12. Nxe4 Nxe4 13. Bxe4 Nc5 14. Bg2 Be5
15. Qg4 Nxd3 16. Rb1 Nxc1 17. Rfxc1 Rd2 18. Qf3 Rhd8 19. Qe4 h5 20. Re1 Bd4 21.
Re2 Rxe2 22. Qxe2 Qxg3 23. Kf1 Qe5 24. Qc2 Qf5 25. Qxf5 exf5 26. b3 f6 27. Re1
Be5 28. h4 Rd4 29. Bh3 Rxh4 30. Bxf5+ Kc7 31. Re3 Rh1+ 32. Kg2 Rh2+ 33. Kg1 Rh4
34. Rd3 g5 35. Rd7+ Kb6 36. c5+ Kxc5 37. Rxb7 Rf4 38. Bg6 h4 39. Rxa7 h3 40. Rh7
Rg4+ 41. Kf1 h2 42. Ke2 Rg1 43. Be4 f5 44. f4 Bxf4 45. Bf3 g4 {White resigns}
0-1

[Event "Team 45 45 League T42"]
[Site "Internet Chess Club"]
[Date "2009.08.09"]
[Round "2"]
[White "chicopee-ed"]
[Black "houseofcook"]
[Result "0-1"]
[WhiteElo "1384"]
[BlackElo "1460"]
[Opening "Queen's pawn game, Darooha variation "]
[ECO "D02"]
[Time "12:00:11"]
[TimeControl "2700+45"]

1. d4 Nf6 2. Nf3 d5 3. c4 e6 4. e3 Nbd7 5. cxd5 exd5 6. Bd3 c6 7. O-O Bd6 8. Nc3
O-O 9. Re1 Re8 10. Bd2 Nf8 11. a3 Bg4 12. Be2 Bxf3 13. Bxf3 Qc7 14. g3 Re7 15.
b4 Ne4 16. Nxe4 dxe4 17. Bg2 Qd7 18. Qb3 h5 19. h3 Nh7 20. Rec1 Ng5 21. d5 Nxh3+
22. Kf1 Qf5 23. Be1 Bxg3 24. Rc2 Be5 25. Rd1 cxd5 26. Qxd5 Ng5 27. Qc5 Rc7 28.
Qxc7 Bxc7 29. Rxc7 Qb5+ 30. Kg1 Nf3+ 31. Bxf3 exf3 32. Bc3 Qg5+ 33. Kf1 Qg2+ 34.
Ke1 Qg1+ 35. Kd2 Rd8+ 36. Bd4 Qxf2+ 37. Kc1 Qa2 38. Rxb7 Rc8+ 39. Bc5 Qxa3+ 40.
Kb1 Qb3+ 41. Kc1 Qxe3+ {White resigns} 0-1

[Event "Team 45 45 League T42"]
[Site "Internet Chess Club"]
[Date "2009.08.08"]
[Round "2"]
[White "fileman"]
[Black "dinkola"]
[Result "1-0"]
[WhiteElo "1889"]
[BlackElo "1641"]
[Opening "Alekhine's defense: four pawns attack, 7.Be3"]
[ECO "B03"]
[Time "17:18:51"]
[TimeControl "2700+45"]

1. e4 Nf6 2. e5 Nd5 3. d4 d6 4. c4 Nb6 5. f4 dxe5 6. fxe5 Nc6 7. Be3 Bf5 8. Nc3
e6 9. Nf3 Be7 10. d5 exd5 11. cxd5 Nb4 12. Nd4 Bg6 13. Bb5+ c6 14. dxc6 Nxc6 15.
Nxc6 Qxd1+ 16. Rxd1 {Black resigns} 1-0

[Event "Team 45 45 League T42"]
[Site "Internet Chess Club"]
[Date "2009.08.10"]
[Round "2"]
[White "Ernie1"]
[Black "Portola"]
[Result "0-1"]
[WhiteElo "1615"]
[BlackElo "1745"]
[Opening "Dutch"]
[ECO "A80"]
[Time "23:06:31"]
[TimeControl "2700+45"]

1. d4 f5 2. Nf3 e6 3. Bg5 Nf6 4. c4 Be7 5. Nc3 O-O 6. e3 c6 7. Bd3 d5 8. cxd5
exd5 9. Qc2 Ne4 10. Bxe7 Qxe7 11. Bxe4 fxe4 12. Ne5 Nd7 13. Nxd7 Bxd7 14. O-O
Qg5 15. Ne2 Rf6 16. Nf4 Raf8 17. g3 Qh6 18. h4 Bg4 19. Qc5 a6 20. Qe7 g5 21. Ng2
gxh4 22. Nxh4 Bh3 23. Ng2 Qh5 24. Qe5 Qg4 25. Kh2 Bxg2 26. Kxg2 Qf3+ 27. Kg1 Rf5
28. Qe6+ R8f7 29. Qh6 Rh5 {White resigns} 0-1

[Event "Team 45 45 League T42"]
[Site "Internet Chess Club"]
[Date "2009.08.08"]
[Round "2"]
[White "g8wrb"]
[Black "slipkid"]
[Result "1-0"]
[WhiteElo "1594"]
[BlackElo "1464"]
[Opening "Pirc: Austrian attack, 6.Be3"]
[ECO "B09"]
[Time "14:02:05"]
[TimeControl "2700+45"]

1. e4 d6 2. d4 Nf6 3. Nc3 g6 4. f4 Bg7 5. Nf3 O-O 6. Be3 Nbd7 7. Qd2 Ng4 8. Bg1
e5 9. O-O-O exd4 10. Nxd4 Re8 11. Kb1 a6 12. f5 c5 13. Nf3 Bf8 14. h4 Ndf6 15.
fxg6 hxg6 16. Ng5 b5 17. Bxc5 Bb7 18. Bxd6 Bxd6 19. Qxd6 Qxd6 20. Rxd6 Nf2 21.
Rxf6 Nxh1 22. Rxf7 Rf8 23. Rxf8+ Rxf8 24. Bd3 Nf2 25. Kc1 Nxd3+ 26. cxd3 Rf2 27.
d4 Kg7 28. d5 Kf6 29. Nf3 Rxg2 30. e5+ Ke7 31. Ng5 b4 32. d6+ Kd7 33. Na4 Rxg5
34. hxg5 Ke6 35. Nc5+ Kf7 36. Nxb7 {Black resigns} 1-0